[Event "Titled Tuesday Blitz February 15 Early 2022"]
[White "Arabidze, Meri"]
[Black "Svane, Rasmus"]
[WhiteFideId "13604040"]
[BlackFideId "4657101"]
[WhiteElo "2329"]
[BlackElo "2645"]
[Result "1-0"]
[Round "04"]
[TimeControl "180+1"]
[Date "2022.02.15"]
[WhiteClock "0:00:10"]
[BlackClock "0:00:06"]

1. d4 Nf6 2. Nf3 d5 3. c4 e6 4. Nc3 a6 5. cxd5 exd5 6. Bg5 Be6 7. e3 Nbd7 8. Bd3 Bd6 9. Qc2 c6 10. O-O Qc7 11. Bh4 O-O 12. Rfe1 Bg4 13. Bg3 Rfe8 14. Nd2 Bh5 15. a3 Bg6 16. b4 Re7 17. Nb3 Nb6 18. Nc5 Rae8 19. Rec1 h5 20. a4 h4 21. Bxd6 Qxd6 22. h3 Bxd3 23. Qxd3 Ra8 24. Qf5 Ne8 25. b5 a5 26. bxc6 bxc6 27. Rab1 Nc4 28. Qh5 Qf6 29. Ne2 g6 30. Qh6 Ned6 31. Qf4 Nf5 32. Rc3 Kg7 33. Kh1 g5 34. Qg4 Nfd6 35. Qf3 Qxf3 36. gxf3 Kh6 37. Kg2 f5 38. Nc1 Rg8 39. N1d3 g4 40. hxg4 fxg4 41. Ne5 gxf3+ 42. Kxf3 Nd2+ 43. Ke2 Nxb1 44. Rb3 Rg1 45. Nxc6 Rc7 46. Ne5 h3 47. Nf3 Rh1 48. Rb6 Kh5 49. Rxd6 h2 50. Re6 Nc3+ 51. Kd3 Ne4 52. Re5+ Kg6 53. Nxe4 dxe4+ 54. Kxe4 Rf7 55. Rg5+ Kh6 56. Rg2 Kh5 57. Rxh2+ Rxh2 58. Nxh2 Rxf2 59. Nf3 Ra2 60. Ne5 Rxa4 61. Nc6 Kg6 62. Ke5 Kf7 63. d5 Ra1 64. d6 Ke8 65. Ke6 Rd1 66. Nxa5 Rd2 67. e4 Kd8 68. e5 Rd1 69. Nc6+ Ke8 70. Ne7 Rd2 71. Nd5 Rd1 72. Nf6+ Kd8 73. Nh7 Rd2 74. Ng5 Ke8 75. Ne4 Rd1 76. Nf6+ Kd8 77. Ng4 Rd2 78. Ne3 Rd3 79. Nf5 Rd2 80. Kf6 Ke8 81. e6 Rd1 82. e7 Rd2 83. Ng7+ Kd7 84. e8=Q+ Kxd6 85. Qd8+ Kc5 86. Qxd2 Kc4 87. Ke5 Kb3 1-0


[Site "https://www.chess.com"]

[Event "Titled Tuesday Blitz February 15 Early 2022"]
[White "Aradhya, Garg"]
[Black "Demidov, Mikhail"]
[WhiteFideId "25006746"]
[BlackFideId "4197143"]
[WhiteElo "2169"]
[BlackElo "2525"]
[Result "0-1"]
[Round "04"]
[TimeControl "180+1"]
[Date "2022.02.15"]
[WhiteClock "0:00:02"]
[BlackClock "0:00:40"]

1. d4 g6 2. Nf3 Bg7 3. c4 d6 4. Nc3 e5 5. dxe5 dxe5 6. Qxd8+ Kxd8 7. h4 h5 8. Be3 f6 9. O-O-O+ Nd7 10. c5 c6 11. Ne4 Kc7 12. Nd6 Bh6 13. Ne8+ Kd8 14. Bxh6 Rxh6 15. Nd6 Ke7 16. b4 a5 17. a3 axb4 18. axb4 b6 19. e3 bxc5 20. b5 cxb5 21. Bxb5 Nb6 22. Kc2 Be6 23. Ne4 Rh8 24. Ra1 Nh6 25. Nfd2 c4 26. Bc6 Rxa1 27. Rxa1 Nc8 28. Ra4 Nf5 29. g3 Nfd6 30. Nxd6 Kxd6 31. Bb5 Nb6 32. Ra5 f5 33. Kc3 Rc8 34. Ra6 Kc5 35. Bxc4 Bxc4 36. Nxc4 Nd5+ 37. Kb3 Rb8+ 38. Ka3 Kxc4 39. Rxg6 Rb3+ 40. Ka2 Nc3+ 41. Ka1 Rb1# 0-1


[Site "https://www.chess.com"]

[Event "Titled Tuesday Blitz February 15 Early 2022"]
[White "Arias, Juan Cruz"]
[Black "Deepan Chakkravarthy J."]
[WhiteFideId "118540"]
[BlackFideId "5011132"]
[WhiteElo "2083"]
[BlackElo "2490"]
[Result "0-1"]
[Round "04"]
[TimeControl "180+1"]
[Date "2022.02.15"]
[WhiteClock "0:01:18"]
[BlackClock "0:01:42"]

1. d4 d5 2. Nf3 Nf6 3. e3 e6 4. Bd3 c5 5. c3 Nc6 6. O-O Bd6 7. Nbd2 O-O 8. Qe2 e5 9. dxc5 Bxc5 10. e4 Re8 11. exd5 Nxd5 12. Ne4 Bf8 13. Rd1 Qc7 14. Neg5 Nf6 15. Bc4 Re7 16. Nxf7 Rxf7 17. Ng5 h6 18. Nxf7 Kh7 19. Re1 e4 20. f4 Bc5+ 21. Be3 Bxe3+ 22. Qxe3 Na5 23. Ng5+ hxg5 24. Be2 gxf4 0-1


[Site "https://www.chess.com"]

[Event "Titled Tuesday Blitz February 15 Early 2022"]
[White "Atakhan, Abtin"]
[Black "Corrales Jimenez, Fidel"]
[WhiteFideId "22502203"]
[BlackFideId "3506690"]
[WhiteElo "2119"]
[BlackElo "2541"]
[Result "0-1"]
[Round "04"]
[TimeControl "180+1"]
[Date "2022.02.15"]
[WhiteClock "0:00:02"]
[BlackClock "0:00:08"]

1. e4 c6 2. d4 d5 3. exd5 cxd5 4. Nf3 Nc6 5. Bb5 Nf6 6. Ne5 Bd7 7. Nxd7 Qxd7 8. c3 e6 9. O-O Bd6 10. Re1 O-O 11. Nd2 Qc7 12. Nf3 Ne4 13. Bd3 f5 14. g3 a6 15. Ng5 Rae8 16. Nh3 e5 17. dxe5 Nxe5 18. Nf4 Ng4 19. Be3 Bxf4 20. Bxf4 Qb6 21. Be3 Nxe3 22. fxe3 f4 23. Bxe4 dxe4 24. gxf4 Kh8 25. Qd2 Rd8 26. Qf2 Rd3 27. Kh1 Rfd8 28. Re2 Qe6 29. Rg1 Qxa2 30. Qg3 Qf7 31. Reg2 Rg8 32. Qg4 Rxe3 33. f5 Rf3 34. Qxe4 Rxf5 35. Qd4 Rf6 36. Qh4 Rf1 37. h3 Rxg1+ 38. Kxg1 Re8 39. Qd4 b5 40. Rf2 Qg6+ 41. Kh2 h6 42. Rg2 Qf7 43. Qg4 Re6 44. h4 Qc7+ 45. Rg3 Qe7 46. Kh3 a5 47. Qf4 Re5 48. Qg4 a4 49. Kh2 Re2+ 50. Kh3 Re4 51. Qg6 Qd7+ 52. Kh2 Re2+ 53. Rg2 Qc7+ 54. Kh3 Re3+ 55. Kg4 Qc4+ 56. Kh5 Re5+ 57. Rg5 Qe2# 0-1


[Site "https://www.chess.com"]

[Event "Titled Tuesday Blitz February 15 Early 2022"]
[White "Avazkhonov, Alikhon"]
[Black "Nazari, Arad"]
[WhiteFideId "14208504"]
[BlackFideId "12577324"]
[WhiteElo "1739"]
[BlackElo "2120"]
[Result "0-1"]
[Round "04"]
[TimeControl "180+1"]
[Date "2022.02.15"]
[WhiteClock "0:00:02"]
[BlackClock "0:01:50"]

1. c4 e5 2. g3 g6 3. Bg2 Bg7 4. Nc3 Ne7 5. d3 O-O 6. e3 c5 7. Nge2 Nbc6 8. O-O Rb8 9. a3 a6 10. Rb1 b5 11. cxb5 axb5 12. b4 cxb4 13. axb4 d5 14. d4 e4 15. Qb3 Be6 16. Bb2 Nc8 17. Rfc1 Nd6 18. Ra1 Nc4 19. Ra6 Qd7 20. Rca1 Rfc8 21. Nf4 Bf8 22. Nxe6 fxe6 23. Na2 Ra8 24. Rxa8 Rxa8 25. Bc3 Ra3 26. Qb1 Qa7 27. Bf1 Qa4 28. Bxc4 bxc4 29. b5 Rb3 30. Qc2 Qxb5 31. Nc1 Nb4 32. Qd2 Nd3 33. Nxb3 cxb3 34. Rb1 Qc4 35. Bb2 Bb4 36. Qd1 Qc2 37. Qf1 Nxb2 38. Qb5 Nd1 39. Qe8+ Kg7 40. Qxe6 Qxf2+ 0-1


[Site "https://www.chess.com"]

[Event "Titled Tuesday Blitz February 15 Early 2022"]
[White "Babazada, Khazar"]
[Black "Gaehwiler, Gabriel"]
[WhiteFideId "13413554"]
[BlackFideId "1314530"]
[WhiteElo "2418"]
[BlackElo "2383"]
[Result "0-1"]
[Round "04"]
[TimeControl "180+1"]
[Date "2022.02.15"]
[WhiteClock "0:00:03"]
[BlackClock "0:00:09"]

1. e4 e5 2. Nf3 Nf6 3. Nxe5 d6 4. Nf3 Nxe4 5. Nc3 Nf6 6. d4 d5 7. Bd3 Be7 8. h3 O-O 9. O-O Nbd7 10. Ne2 Re8 11. Ng3 Nf8 12. c3 Ng6 13. Ne5 Bd6 14. f4 Bd7 15. Bd2 c5 16. Qf3 cxd4 17. cxd4 Qb6 18. Qf2 Bb5 19. Bxb5 Qxb5 20. Bc3 Ne4 21. Qe3 f6 22. a4 Qb3 23. Nxe4 dxe4 24. Qxe4 fxe5 25. fxe5 Rad8 26. Rae1 Be7 27. Rf3 Qd5 28. Qg4 Rf8 29. Ref1 Rxf3 30. Rxf3 Rf8 31. Rxf8+ Nxf8 32. Kf2 Ne6 33. Ke3 Bg5+ 34. Kd3 Nf4+ 35. Kc2 Qxg2+ 36. Qxg2 Nxg2 37. Kd3 Nf4+ 38. Ke4 Kf7 39. h4 Bh6 40. d5 a6 41. Bb4 g5 42. Bd2 Ne6 43. hxg5 Bg7 44. Kf5 Nd4+ 45. Ke4 Ne6 46. Be3 Ke7 47. Kf5 Nd8 48. Bc5+ Ke8 49. e6 a5 50. d6 Nc6 51. Ke4 Kd8 52. Kd5 Bxb2 53. Bb6+ Ke8 54. d7+ Ke7 55. Bc5+ Kd8 56. Bb6+ Ke7 57. Bc5+ Kd8 58. Kd6 Be5+ 59. Kd5 Bc7 60. Be3 Ne7+ 61. Ke4 Nc6 62. Kf5 Bd6 63. Bb6+ Bc7 64. Bc5 b6 65. Ba3 Be5 66. g6 hxg6+ 67. Kxg6 Bf4 68. Kf7 Bg5 69. Bd6 Be7 70. Be5 Bg5 71. Bg7 Be7 72. Bh6 Ne5+ 73. Kg8 Nxd7 74. exd7 Kxd7 75. Be3 Bc5 76. Bd2 Kc6 77. Kf7 Kd5 78. Ke8 Kc4 79. Kd7 Kb3 80. Kc6 Kxa4 81. Kd5 Bb4 82. Be3 b5 83. Kc6 Bc3 84. Bc5 b4 0-1


[Site "https://www.chess.com"]

[Event "Titled Tuesday Blitz February 15 Early 2022"]
[White "Bashirli, Saadat"]
[Black "Leve, Nitai"]
[WhiteFideId "13429990"]
[BlackFideId "2006898"]
[WhiteElo "1173"]
[BlackElo "2144"]
[Result "0-1"]
[Round "04"]
[TimeControl "180+1"]
[Date "2022.02.15"]
[WhiteClock "0:00:02"]
[BlackClock "0:00:06"]

1. e4 c6 2. c4 d5 3. exd5 cxd5 4. cxd5 Nf6 5. Nc3 Nxd5 6. Bb5+ Nc6 7. Nf3 Bf5 8. O-O e6 9. Re1 Be7 10. Nxd5 Qxd5 11. Qa4 O-O 12. d4 Rac8 13. Be3 Be4 14. Be2 Nb4 15. Rac1 Nxa2 16. Bc4 Qf5 17. Bxa2 Bxf3 18. gxf3 Qxf3 19. Qd1 Qh3 20. Rxc8 Rxc8 21. Qe2 Bd6 22. f4 Qf5 23. Qf2 Rc2 24. Re2 Rc8 25. Qg3 Qd3 26. Kf2 Rc2 27. Qf3 Be7 28. Rxc2 Bh4+ 29. Kg1 Qxc2 30. Qg2 Qd3 31. Qd2 Qg6+ 32. Kf1 Qe4 33. Ke2 Qc6 34. Qc3 Qg2+ 35. Kd3 h5 36. Qc2 Qf3 37. Qe2 Qc6 38. Bc4 b5 39. Bb3 a5 40. Qc2 Qb7 41. Kd2 Qg2+ 42. Kd3 Qf3 43. Qe2 Qc6 44. Bc2 Qc4+ 45. Kd2 Qb4+ 46. Kd1 a4 47. Qd2 Qe7 48. Qd3 g6 49. Qe2 b4 50. Qc4 b3 51. Bxb3 axb3 52. Qxb3 Qd7 53. Qc3 Bf6 54. Kd2 Kh7 55. b4 Qd5 56. Qc5 Qa2+ 57. Qc2 Qa6 58. Qb2 Qb5 59. Qc3 Be7 60. Qc7 Qxb4+ 61. Ke2 Kg8 62. Qc8+ Kg7 63. Qc7 Bf6 64. Qd7 Qb2+ 65. Kf3 Qxh2 66. Ke4 Qg2+ 67. Kd3 h4 68. Qd6 h3 69. Qb4 h2 70. Qb6 h1=Q 71. d5 Qe4+ 72. Kd2 Qhg2+ 73. Kc1 Qec2# 0-1


[Site "https://www.chess.com"]

[Event "Titled Tuesday Blitz February 15 Early 2022"]
[White "Bhagwat, Vinod"]
[Black "Mohammed, Dilshad"]
[WhiteFideId "5005949"]
[BlackFideId "5050421"]
[WhiteElo "2115"]
[BlackElo "2153"]
[Result "0-1"]
[Round "04"]
[TimeControl "180+1"]
[Date "2022.02.15"]
[WhiteClock "0:00:03"]
[BlackClock "0:00:13"]

1. d4 d5 2. c4 e6 3. Nc3 Nf6 4. Nf3 Be7 5. Bf4 O-O 6. e3 b6 7. Bd3 a6 8. cxd5 exd5 9. O-O c5 10. dxc5 bxc5 11. Rc1 Bb7 12. Qe2 c4 13. Bb1 Nc6 14. Rfd1 Qa5 15. a3 Rfe8 16. Qc2 g6 17. Bg5 Rad8 18. Nd4 Ne5 19. Qe2 Ne4 20. Nxe4 dxe4 21. Bxe7 Rxe7 22. h4 Bd5 23. h5 Nd3 24. Bxd3 exd3 25. Qg4 Re5 26. hxg6 hxg6 27. Nf3 Rh5 28. e4 Be6 29. Qf4 Kg7 30. e5 Rdh8 31. g4 Rh1+ 32. Kg2 R1h3 33. Qf6+ Kg8 34. Ng5 Rh2+ 35. Kg3 Qd5 36. f3 Bxg4 37. Qxf7+ Qxf7 38. Nxf7 Kxf7 39. fxg4 R8h3+ 40. Kf4 Rf2+ 0-1


[Site "https://www.chess.com"]

[Event "Titled Tuesday Blitz February 15 Early 2022"]
[White "Blokhin, Sofia"]
[Black "Dilmukhametov, Artur"]
[WhiteFideId "4508190"]
[BlackFideId "24179922"]
[WhiteElo "1762"]
[BlackElo "2266"]
[Result "1-0"]
[Round "04"]
[TimeControl "180+1"]
[Date "2022.02.15"]
[WhiteClock "0:00:42"]
[BlackClock "0:00:47"]

1. e4 e6 2. d4 d5 3. e5 c5 4. c3 Qb6 5. Nf3 Nc6 6. a3 a5 7. Bd3 Bd7 8. Bc2 Nh6 9. O-O g6 10. b3 Nf5 11. Be3 Nxe3 12. fxe3 O-O-O 13. a4 Be7 14. Na3 Na7 15. Bd3 cxd4 16. exd4 f6 17. exf6 Bxf6 18. Kh1 Rhe8 19. Ne5 Bxe5 20. dxe5 Nc6 21. Re1 Kb8 22. Nb5 Na7 23. Nd6 Re7 24. b4 axb4 25. cxb4 Qxb4 26. Rb1 Qa5 27. Nxb7 Qxa4 28. Nc5+ Ka8 29. Nxa4 Bxa4 30. Qxa4 Rb7 31. h3 Rdb8 32. Rxb7 Rxb7 33. Ra1 Kb8 34. Qe8+ Nc8 35. Ba6 Rc7 36. Bxc8 Rxc8 37. Rc1 Kb7 38. Qxc8+ Ka7 39. Rb1 d4 40. Qb7# 1-0


[Site "https://www.chess.com"]

[Event "Titled Tuesday Blitz February 15 Early 2022"]
[White "Bluebaum, Matthias"]
[Black "Miszler, Levente"]
[WhiteFideId "24651516"]
[BlackFideId "763276"]
[WhiteElo "2550"]
[BlackElo "1966"]
[Result "1-0"]
[Round "04"]
[TimeControl "180+1"]
[Date "2022.02.15"]
[WhiteClock "0:01:56"]
[BlackClock "0:00:53"]

1. d4 Nf6 2. c4 e6 3. Nc3 d5 4. cxd5 exd5 5. Bg5 c6 6. e3 Be7 7. Bd3 h6 8. Bf4 O-O 9. h3 Re8 10. Qc2 Nbd7 11. Nf3 Nf8 12. O-O-O a5 13. g4 Ne6 14. Be5 Bd6 15. Bxd6 Qxd6 16. Rhg1 Ng5 17. Ne5 Nxh3 18. Rg3 Ng5 19. f4 Nge4 20. Bxe4 Nxe4 21. Nxe4 dxe4 22. g5 h5 23. g6 f6 24. Qh2 fxe5 25. Qxh5 exf4 26. Rf1 f3 27. Rgxf3 exf3 28. Rxf3 Bf5 29. Rxf5 1-0


[Site "https://www.chess.com"]

[Event "Titled Tuesday Blitz February 15 Early 2022"]
[White "Bodnaruk, Anastasia"]
[Black "Sargissyan, Sargis"]
[WhiteFideId "4181751"]
[BlackFideId "13303210"]
[WhiteElo "2393"]
[BlackElo "2174"]
[Result "0-1"]
[Round "04"]
[TimeControl "180+1"]
[Date "2022.02.15"]
[WhiteClock "0:00:06"]
[BlackClock "0:00:13"]

1. e4 c5 2. Nc3 Nc6 3. Bb5 g6 4. Bxc6 bxc6 5. d3 Bg7 6. f4 Nf6 7. Nf3 O-O 8. O-O d6 9. Kh1 e6 10. e5 Ne8 11. exd6 Nxd6 12. Ne4 Nxe4 13. dxe4 Ba6 14. Re1 Qxd1 15. Rxd1 Be2 16. Re1 Bxf3 17. gxf3 Rab8 18. c3 Rfd8 19. Kg2 Bh6 20. Kf2 Rd3 21. e5 f6 22. exf6 Kf7 23. Re4 Kxf6 24. b3 Rd1 25. Rc4 Rb5 26. Kg3 Rg1+ 27. Kf2 Rd1 28. Re4 a6 29. Re1 Rxe1 30. Kxe1 c4 31. Bd2 Rh5 32. bxc4 Rxh2 33. Rd1 Rh1+ 34. Ke2 Rxd1 35. Kxd1 Kf5 36. Ke2 Bxf4 37. Be1 h5 38. Kd3 g5 39. c5 h4 40. Bf2 h3 41. Bg1 h2 42. Bxh2 Bxh2 43. Kc4 Ke5 44. Kb4 Kd5 45. a4 Bc7 0-1


[Site "https://www.chess.com"]

[Event "Titled Tuesday Blitz February 15 Early 2022"]
[White "Bongo Akanga Ndjila, Barthelemy"]
[Black "Vifleemskaia, Svetlana"]
[WhiteFideId "10609431"]
[BlackFideId "4129490"]
[WhiteElo "1803"]
[BlackElo "1901"]
[Result "0-1"]
[Round "04"]
[TimeControl "180+1"]
[Date "2022.02.15"]
[WhiteClock "0:00:38"]
[BlackClock "0:00:54"]

1. d4 Nf6 2. c4 e6 3. Nf3 Bb4+ 4. Bd2 Qe7 5. g3 O-O 6. Bg2 Nc6 7. O-O Bxd2 8. Qxd2 d6 9. Nc3 h6 10. Rfe1 Rd8 11. e4 e5 12. d5 Nb8 13. Nh4 a5 14. Nb5 b6 15. Rac1 Na6 16. a3 Bd7 17. b4 axb4 18. axb4 g5 19. Nf5 Bxf5 20. exf5 Kg7 21. Be4 Qd7 22. f3 Nb8 23. Ra1 Rxa1 24. Rxa1 Nxe4 25. fxe4 c6 26. Ra7 Qe8 27. Nc7 Qg8 28. Ne6+ Kf6 29. Nxd8 Qxd8 30. h4 b5 31. hxg5+ hxg5 32. Qc3 Qb6+ 33. c5 Qxa7 34. Kg2 Qc7 35. Kh2 Na6 36. Kg2 cxd5 37. Kh3 dxc5 38. exd5 cxb4 39. Qe3 Qc5 40. Qe4 Qd4 41. Qf3 g4+ 42. Qxg4 Qxg4+ 43. Kxg4 b3 44. Kh4 b2 45. g4 b1=Q 46. g5+ Kxf5 47. Kh5 Qh1# 0-1


[Site "https://www.chess.com"]

[Event "Titled Tuesday Blitz February 15 Early 2022"]
[White "Boraso, Alessio"]
[Black "Shyaamnikhil P"]
[WhiteFideId "848077"]
[BlackFideId "5024218"]
[WhiteElo "2277"]
[BlackElo "2292"]
[Result "0-1"]
[Round "04"]
[TimeControl "180+1"]
[Date "2022.02.15"]
[WhiteClock "0:00:01"]
[BlackClock "0:00:37"]

1. c4 e6 2. g3 d5 3. Bg2 Nf6 4. Nf3 c5 5. cxd5 exd5 6. d4 Nc6 7. O-O Be6 8. Nc3 a6 9. Be3 c4 10. Ne5 Bb4 11. Bg5 Bxc3 12. bxc3 O-O 13. e4 dxe4 14. Nxc6 bxc6 15. Bxe4 Bd5 16. Re1 h6 17. Bxd5 cxd5 18. Bxf6 Qxf6 19. Re5 Rab8 20. Qe2 Rfd8 21. Re1 a5 22. Kg2 g6 23. Qf3 Qxf3+ 24. Kxf3 Kg7 25. Re7 Rd6 26. Ra7 Rb2 27. Ree7 Rf6+ 28. Kg4 h5+ 29. Kh3 Rfxf2 30. g4 Rf3+ 31. Kh4 Rxh2+ 32. Kg5 Rg2 33. Rxf7+ Rxf7 34. Rxf7+ Kxf7 0-1


[Site "https://www.chess.com"]

[Event "Titled Tuesday Blitz February 15 Early 2022"]
[White "Borisova, Ekaterina"]
[Black "Paravyan, David"]
[WhiteFideId "34124184"]
[BlackFideId "4194985"]
[WhiteElo "2034"]
[BlackElo "2569"]
[Result "0-1"]
[Round "04"]
[TimeControl "180+1"]
[Date "2022.02.15"]
[WhiteClock "0:00:20"]
[BlackClock "0:00:07"]

1. d4 Nf6 2. c4 g6 3. Nc3 d5 4. cxd5 Nxd5 5. e4 Nxc3 6. bxc3 Bg7 7. Be3 c5 8. Qd2 cxd4 9. cxd4 O-O 10. Nf3 Bg4 11. Rc1 Bxf3 12. gxf3 e6 13. Bb5 a6 14. Ba4 Nc6 15. Bxc6 bxc6 16. Rxc6 Qd7 17. Rc3 Qb5 18. Rd3 Qb1+ 19. Qd1 Qxa2 20. O-O a5 21. Qd2 Qxd2 22. Rxd2 Rfc8 23. Ra1 a4 24. Raa2 Rc4 25. d5 exd5 26. exd5 Rd8 27. d6 Rd7 28. Bb6 Bc3 29. Rd3 Be5 30. Rd5 f6 31. Ra5 Rxd6 32. Be3 Rh4 33. R5xa4 Rd1+ 0-1


[Site "https://www.chess.com"]

[Event "Titled Tuesday Blitz February 15 Early 2022"]
[White "Bortnyk, Olexandr"]
[Black "Kezin, Roman"]
[WhiteFideId "14120828"]
[BlackFideId "24124621"]
[WhiteElo "2723"]
[BlackElo "2509"]
[Result "1/2-1/2"]
[Round "04"]
[TimeControl "180+1"]
[Date "2022.02.15"]
[WhiteClock "0:00:08"]
[BlackClock "0:00:06"]

1. e4 c5 2. c3 d5 3. exd5 Nf6 4. Nf3 Nxd5 5. Bc4 Nb6 6. Bb3 Nc6 7. O-O Bf5 8. d4 cxd4 9. cxd4 e6 10. Nc3 Be7 11. d5 exd5 12. Nxd5 Nxd5 13. Bxd5 O-O 14. Bxc6 bxc6 15. Qa4 Qb6 16. Re1 Bf6 17. Be3 Qxb2 18. Bd4 Qb5 19. Qxb5 cxb5 20. Bxf6 gxf6 21. Nd4 Bd7 22. Re7 Rfd8 23. h4 Kf8 24. Rae1 Re8 25. Rxe8+ Rxe8 26. Rd1 Rc8 27. f3 b4 28. Rd2 Rb8 29. Kf2 a5 30. Nb3 Be6 31. Nxa5 Ra8 32. Nc6 Rxa2 33. Rxa2 Bxa2 34. Nxb4 Bc4 35. Ke3 Ke7 36. Kf4 Be6 37. Nc6+ Kf8 38. Nd4 Kg7 39. g4 h6 40. h5 Kh7 41. Nxe6 fxe6 42. Ke4 Kg7 43. Kd4 Kf7 44. Kc5 Ke7 45. Kc6 e5 46. Kd5 Kd7 47. Kc5 Ke6 48. Kc4 Kd6 49. Kd3 Kd5 50. Ke3 Kd6 51. f4 exf4+ 52. Kxf4 Ke6 53. Ke4 Ke7 54. Kd5 Kd7 55. Kd4 Kd6 56. Ke4 Ke6 57. Kf4 Ke7 58. Kf5 Kf7 59. Ke4 Ke6 60. Kd4 Kd6 61. Ke4 Ke6 1/2-1/2


[Site "https://www.chess.com"]

[Event "Titled Tuesday Blitz February 15 Early 2022"]
[White "Boruchovsky, Avital"]
[Black "Ratnakaran, K."]
[WhiteFideId "2800055"]
[BlackFideId "5005507"]
[WhiteElo "2469"]
[BlackElo "2391"]
[Result "1-0"]
[Round "04"]
[TimeControl "180+1"]
[Date "2022.02.15"]
[WhiteClock "0:00:28"]
[BlackClock "0:00:06"]

1. Nf3 g6 2. e4 Bg7 3. d4 c6 4. c3 d5 5. e5 Nh6 6. Bd3 O-O 7. O-O f5 8. Ng5 f4 9. e6 Qd6 10. Re1 Bf6 11. Nxh7 Kxh7 12. Qh5 Rg8 13. g3 Bxe6 14. Bxf4 Qxf4 15. gxf4 Bf5 16. Qf3 Nd7 17. Nd2 Rg7 18. Nf1 Rh8 19. h3 Kg8 20. Re3 Rgh7 21. Qg2 Kf7 22. Ng3 Bxd3 23. Rxd3 Nf8 24. Re1 Ne6 25. Qf3 Nf5 26. Nxf5 gxf5 27. Kf1 Rh4 28. Rxe6 Kxe6 29. b3 Kf7 30. c4 e6 31. cxd5 exd5 32. b4 Be7 33. b5 Bd6 34. bxc6 bxc6 35. Ra3 Kf6 36. Ra6 Rxh3 37. Qg2 Rh1+ 38. Ke2 Re8+ 39. Kd3 Rd1+ 40. Kc2 Rxd4 41. Qg5+ Ke6 42. Qg6+ Kd7 43. Rxa7+ Bc7 44. Qf7+ Re7 45. Rxc7+ Kxc7 46. Qxe7+ Kb6 47. Qe5 Rc4+ 48. Kb3 Re4 49. Qxf5 Re2 50. Qf8 Rxf2 51. f5 c5 52. Qd6+ Kb5 53. a4+ 1-0


[Site "https://www.chess.com"]

[Event "Titled Tuesday Blitz February 15 Early 2022"]
[White "Brodowski, Piotr"]
[Black "Lazavik, Denis"]
[WhiteFideId "1124480"]
[BlackFideId "13515110"]
[WhiteElo "2422"]
[BlackElo "2436"]
[Result "0-1"]
[Round "04"]
[TimeControl "180+1"]
[Date "2022.02.15"]
[WhiteClock "0:00:07"]
[BlackClock "0:00:12"]

1. c4 f5 2. Nc3 Nf6 3. d3 g6 4. e4 d6 5. exf5 Bxf5 6. Nf3 Bg7 7. d4 O-O 8. Bd3 Bg4 9. Be2 Nc6 10. h3 Bf5 11. d5 Nb4 12. Nd4 Ne4 13. Nxf5 Nxc3 14. bxc3 Rxf5 15. O-O Na6 16. Bg4 Rf8 17. Be3 Nc5 18. Bd4 Bf6 19. Qe2 b6 20. Rae1 Qe8 21. f4 Bh4 22. g3 Bxg3 23. Qxe7 Qxe7 24. Rxe7 Rf7 25. Rxf7 Kxf7 26. Kg2 Bh4 27. f5 Re8 28. fxg6+ Kxg6 29. Bd1 Re7 30. Bc2+ Kh6 31. Bd1 Nd3 32. Kh2 Ne5 33. Rf4 Bg5 34. Rf5 Nxc4 35. h4 Be3 36. Rh5+ Kg6 37. Bxe3 Nxe3 38. Rg5+ Kf6 39. Bf3 Re5 40. Rg8 Nxd5 41. Rh8 Kg7 42. Rc8 c5 43. Ra8 Nxc3 44. Rxa7+ Kg6 45. Rb7 b5 46. Rb6 Re6 47. Bg4 Rf6 48. Kg3 Ne4+ 49. Kh3 Nf2+ 50. Kg3 Nxg4 51. Kxg4 h5+ 52. Kg3 b4 53. Rb8 Kf5 54. Kf3 Ke5+ 55. Ke3 Rg6 56. Re8+ Kd5 57. Re4 Rg3+ 0-1


[Site "https://www.chess.com"]

[Event "Titled Tuesday Blitz February 15 Early 2022"]
[White "Brunner, Nicolas"]
[Black "Carrasco Miranda, Andres"]
[WhiteFideId "620246"]
[BlackFideId "3405990"]
[WhiteElo "2372"]
[BlackElo "2177"]
[Result "1-0"]
[Round "04"]
[TimeControl "180+1"]
[Date "2022.02.15"]
[WhiteClock "0:00:09"]
[BlackClock "0:00:02"]

1. d4 Nf6 2. c4 g6 3. Nf3 Bg7 4. Nc3 d5 5. Bg5 Ne4 6. Bh4 Nxc3 7. bxc3 O-O 8. cxd5 Qxd5 9. Bxe7 Re8 10. Ba3 b5 11. e3 a5 12. Be2 Nc6 13. Qb3 Qxb3 14. axb3 b4 15. Bb2 bxc3 16. Bxc3 Be6 17. Bc4 Bg4 18. O-O Bxf3 19. gxf3 Nb4 20. Ra4 Reb8 21. Rfa1 c5 22. Rxa5 Rxa5 23. Rxa5 cxd4 24. Bxd4 Bxd4 25. exd4 Nc2 26. Ra7 Nxd4 27. Rxf7 Kh8 28. h4 Nxb3 29. h5 gxh5 30. Bd3 Nd4 31. Rxh7+ Kg8 32. Rxh5 Nxf3+ 33. Kf1 Kg7 34. Rf5 Nd4 35. Rf4 Ne6 36. Rg4+ Kf6 37. Kg2 Rd8 38. Bc4 Rd2 39. Kg3 Rc2 40. f3 Rc3 41. Bd5 Ng5 42. Rf4+ Ke5 43. Ba8 Rc1 44. Rf8 Rg1+ 45. Kf2 Nh3+ 46. Ke3 Ra1 47. f4+ Kd6 48. Be4 Re1+ 49. Kd4 Rd1+ 50. Kc3 Rc1+ 51. Bc2 Rf1 52. f5 Ke5 53. Re8+ Kf6 54. Re6+ Kf7 55. Rh6 Ng5 56. Rg6 Nf3 57. Ra6 Ne5 58. Ra7+ Kf6 59. Ra6+ Kf7 60. Kd4 Nf3+ 61. Kd5 Rf2 62. Be4 Nd2 63. Bd3 Nf3 64. Ra7+ Kf6 65. Ra6+ Kf7 66. Ke4 Ng5+ 67. Ke3 Rb2 68. Bc4+ Kg7 69. f6+ Kf8 70. Ra8+ 1-0


[Site "https://www.chess.com"]

[Event "Titled Tuesday Blitz February 15 Early 2022"]
[White "Budrewicz, Krzysztof"]
[Black "Thunderbolt135"]
[WhiteFideId "1127950"]
[WhiteElo "2248"]
[BlackElo "2749"]
[Result "0-1"]
[Round "04"]
[TimeControl "180+1"]
[Date "2022.02.15"]
[WhiteClock "0:00:04"]
[BlackClock "0:00:15"]

1. d4 Nf6 2. c4 e6 3. Nf3 Bb4+ 4. Bd2 c5 5. dxc5 Bxc5 6. g3 Qb6 7. e3 O-O 8. Nc3 Qd8 9. Bg2 Nc6 10. O-O d5 11. cxd5 exd5 12. Rc1 Bg4 13. h3 Bh5 14. Nb5 Bb6 15. g4 Bg6 16. Bc3 Ne4 17. Bd4 Nxd4 18. Nbxd4 Bc7 19. Re1 a6 20. Qb3 Rb8 21. Red1 h5 22. Nf5 Bxf5 23. gxf5 Nf6 24. Qc3 Rc8 25. Qd4 Qd6 26. Qh4 Rfe8 27. a3 Rcd8 28. Kf1 Re4 29. Qg5 Bb8 30. Rc2 Ree8 31. Rcd2 Qb6 32. Nd4 Be5 33. Qh4 Qd6 34. Bf3 Qc7 35. Bxh5 Bxd4 36. Rxd4 Qc2 37. R1d2 Qxf5 38. Bg4 Qb1+ 39. Kg2 Re4 40. Qg5 Rde8 41. Bf3 Rxd4 42. Rxd4 Qxb2 43. Rb4 Qxa3 44. Rxb7 Qc5 45. Qf5 Qd6 46. h4 g6 47. Qg5 Kg7 48. h5 Re7 49. Rxe7 Qxe7 50. hxg6 fxg6 51. Qf4 a5 52. Qb8 a4 53. Qa8 a3 54. Qa6 g5 55. Qa5 g4 56. Bxd5 Qe5 57. Qa7+ Kh6 58. Bc6 Qc3 59. Ba8 Qb2 60. Qa5 a2 61. Qf5 a1=Q 62. Qf4+ Kg6 63. Be4+ Nxe4 64. Qxe4+ Kf6 65. Qf4+ Ke6 66. Qxg4+ Kd6 67. Qg6+ Qf6 68. Qd3+ Ke6 69. Qc4+ Ke7 70. Qc7+ Kf8 71. Qc8+ Kg7 72. Qb7+ Kh6 73. Qe4 Qae5 74. Qd3 Qeg5+ 0-1


[Site "https://www.chess.com"]

[Event "Titled Tuesday Blitz February 15 Early 2022"]
[White "Bures, Vit"]
[Black "Kovanova, Baira"]
[WhiteFideId "309052"]
[BlackFideId "4164083"]
[WhiteElo "2118"]
[BlackElo "2190"]
[Result "0-1"]
[Round "04"]
[TimeControl "180+1"]
[Date "2022.02.15"]
[WhiteClock "0:00:01"]
[BlackClock "0:00:12"]

1. d4 Nf6 2. c4 e6 3. Nc3 d5 4. cxd5 exd5 5. Bg5 c6 6. e3 Be7 7. Bd3 h6 8. Bh4 O-O 9. Nge2 Nbd7 10. O-O Re8 11. Qc2 Nh5 12. Bxe7 Qxe7 13. Rab1 a5 14. a3 Nhf6 15. b4 axb4 16. axb4 b5 17. Ng3 Nb6 18. e4 dxe4 19. Ncxe4 Bd7 20. Nc5 Nbd5 21. h3 Nf4 22. Bf5 Qd6 23. Bxd7 Nxd7 24. Nf5 Qg6 25. Nxh6+ Qxh6 26. Nxd7 Rad8 27. Qf5 Re6 28. Ne5 Rf6 29. Qe4 Rxd4 30. Qe3 Qg5 31. g3 Nxh3+ 0-1


[Site "https://www.chess.com"]